 Dungeon Crawl Stone Soup version 0.30-a0-137-gd8773701ce (webtiles) character file.

Game seed: 8479922503771878849

39 greasedhog the Trooper (level 3, -2/24 HPs)
             Began as a Gargoyle Chaos Knight on Sept 21, 2022.
             Was a Plaything of Xom.
             Slain by Sigmund
             ... wielding a +0 scythe
              (10 damage)
             ... on level 2 of the Dungeon.
             The game lasted 00:02:10 (860 turns).

greasedhog the Trooper (Gargoyle Chaos Knight)       Turns: 860, Time: 00:02:10

Health: -2/24      AC:  8    Str: 17    XL:     3   Next: 45%
Magic:  3/3        EV: 11    Int: 12    God:    Xom [..*...]
Gold:   91         SH:  0    Dex:  9    Spells: 2/2 levels left

rFire   . . .      SeeInvis .    a - +0 mace (chaos)
rCold   . . .      Faith    .    (no shield)
rNeg    + . .      Spirit   .    b - +2 leather armour
rPois   ∞          Reflect  .    (no helmet)
rElec   +          Harm     .    (no cloak)
rCorr   .          Rampage  .    (no gloves)
Will    .....                    (no boots)
Stlth   ..........               (no amulet)
HPRegen 0.08/turn                (no ring)
MPRegen 0.08/turn                (no ring)

@: confused, brilliant
A: sickness immunity, AC +3, negative energy resistance 1, electricity
resistance, torment resistance 1, petrification resistance
a: Renounce Religion


You were on level 2 of the Dungeon.
You worshipped Xom.
You were a toy of Xom.
You visited 1 branch of the dungeon, and saw 2 of its levels.

You collected 91 gold pieces.

Inventory:

Hand Weapons
 a - a +0 mace of chaos (weapon)
Missiles
 f - 3 poisoned darts (quivered)
Armour
 b - a +2 leather armour (worn)
Potions
 d - 2 potions of heal wounds
Miscellaneous
 c - a piece from Xom's chessboard (15/15)


   Skills:
 * Level 4.0 Fighting
 * Level 3.6 Maces & Flails
 - Level 2.1 Armour
 - Level 1.3 Dodging


You had 2 spell levels left.
You didn't know any spells.
Your spell library was empty.

Dungeon Overview and Level Annotations

Branches:
Dungeon (2/15)

Altars:

Annotations:
D:2 Sigmund


Innate Abilities, Weirdness & Mutations

You are immune to sickness and miasma.
Your stone body is resilient. (AC +3)
You are immune to poison.
You resist negative energy. (rN+)
You are resistant to electric shocks. (rElec)
You are resistant to unholy torment.
You are immune to petrification.


Message History

The frilled lizard barely misses you.
You miss the frilled lizard.
The frilled lizard is heavily wounded.
The frilled lizard bites you.
You thump the frilled lizard!
You kill the frilled lizard!
No target in view!
HP restored.
h - a scroll labelled MOSIRI IREOMP You see here a +0 quarterstaff.
Found a stone staircase leading down.
Sigmund the Dreaded comes into view.
He is wielding a +0 scythe.
Sigmund shouts!
Xom's power almost touches on you for a moment.
Your leather armour briefly grows fur, then returns to normal.
Sigmund gestures wildly while chanting.
Sigmund flickers and vanishes!
Deactivating autopickup; reactivate with Ctrl-A.
Okay, then.
It was a potion of heal wounds.
You feel much better.
Xom thinks this is hilarious!
A puff of flame appears from out of thin air!
The puff of flame hits you!
It was a potion of brilliance.
You feel clever all of a sudden.
Xom thinks this is hilarious!
It was a potion of curing.
You feel better. Something hits you but does no damage. Something hits you!
You closely miss something.
As you read the scroll labelled MOSIRI IREOMP, it crumbles to dust.
It is a scroll of identify.
You don't have any unidentified items.
Something hits you.
You closely miss something.
You hear some strange, mumbled words.
You are confused.
You bump into the rock wall.
Something hits you. Something hits you!
You die...

###### #....####
#.##....#
##.#####.###
#..).......###
#####..###...#
#....###.#.......
#..##@#...########
#..# #.#.### #.#
#{#.# #. #.#.## #
.>#..# ..##.#
.#.##.# .#.##.#
..#.##.#


There were no monsters in sight!

Vanquished Creatures
  2 dart slugs (D:1)
  3 ball pythons (D:1)
  6 endoplasms (D:1)
  A goblin (D:1)
  4 hobgoblins (D:1)
  4 jackals (D:1)
  A bat (D:1)
  2 frilled lizards
  4 kobolds (D:1)
  5 rats (D:1)
32 creatures vanquished.

Notes
Turn   | Place    | Note
-------+----------+-------------------------------------------
     0 | D:1      | greasedhog the Gargoyle Chaos Knight began the quest for
                  | the Orb.
     0 | D:1      | Reached XP level 1. HP: 14/14 MP: 1/1
    58 | D:1      | Reached skill level 1 in Dodging
    69 | D:1      | Reached XP level 2. HP: 18/19 MP: 2/2
   340 | D:1      | XOM: confuse monster(s)
   349 | D:1      | XOM: silly message
   352 | D:1      | Reached XP level 3. HP: 20/24 MP: 3/3
   623 | D:1      | Reached skill level 4 in Fighting
   849 | D:2      | Noticed Sigmund
   849 | D:2      | XOM: silly message
   860 | D:2      | Slain by Sigmund

Illustrated notes

Levels and vault maps discovered:
D:1:      lightli_arrival_maybe_door_vault, layout_rooms, minmay_pentomino_q2
D:2:      kb_forest_paths, layout_basic, minmay_misc_feat_enclosed, uniq_sigmund

Skill      XL: |  1  2  3 |
---------------+----------+-----
Dodging        | 1 |  1.3
Fighting       | 4 |  4.0
Maces & Flails | |  3.6
Armour         | |  2.1

Action                   || total
-------------------------++-------
Melee: Mace              ||    74
  Use: Scroll            ||     3
       Potion            ||     3
Armor: Leather armour    ||    44
Dodge: Dodged            ||    40

Table legend: (Time is in decaauts)
 A = Elapsed time spent in this place.
 B = Non-inter-level travel time spent in this place.
 C = Inter-level travel time spent in this place.
 D = Time resting spent in this place.
 E = Time spent auto-exploring this place.
 F = Levels seen in this place.
 G = Mean time per level.
                   A        B        C        D        E       F      G
               +--------+--------+--------+--------+--------+-----+--------+
         Total |    877 |    830 |     47 |      0 |    593 |   2 |  438.5 |
       Dungeon |    877 |    830 |     47 |      0 |    593 |   2 |  438.5 |
               +--------+--------+--------+--------+--------+-----+--------+

Top non-repeatable levels by time:
     D:1: 793 daAuts
     D:2: 83 daAuts
